SAA
HELENA GRIZZLIES @ CHESAPEAKE CONTINENTALS
07/27/2021
 
TOP OF THE 1ST
Helena Grizzlies batting - Pitching for Chesapeake Continentals : RHP Juan Pérez
Pitching: RHP Juan Pérez
Batting: RHB Curt Pope 0-0: Called Strike
0-1: Foul Ball, location: 2F
0-2: Strikes out swinging
Batting: RHB David Ramírez 0-0: Called Strike
0-1: Ball
1-1: Called Strike
1-2: Ball
2-2: Ball
3-2: Foul Ball, location: 2F
3-2: Fly out, F8 (Line Drive, 8RM)
Batting: SHB Eric O'Neill 0-0: Ball
1-0: Swinging Strike
1-1: Ball
2-1: Foul Ball, location: 2F
2-2: Foul Ball, location: 2F
2-2: Foul Ball, location: 2F
2-2: Ball
3-2: Base on Balls
Batting: LHB Rufo Flores 0-0: Ball
1-0: Foul Ball, location: 2F
1-1: SINGLE (Line Drive, 56D)
Eric O'Neill to second
Runner from 2nd tries for 3rd, SAFE, throw made to third
Batting: RHB Joe Chase 0-0: Swinging Strike
0-1: Called Strike
0-2: Strikes out swinging
Top of the 1st over - 0 run(s), 1 hit(s), 0 error(s), 2 left on base; Helena 0 - Chesapeake 0
BOTTOM OF THE 1ST
Chesapeake Continentals batting - Pitching for Helena Grizzlies : RHP Scott Lyons
Pitching: RHP Scott Lyons
Batting: RHB Gustavo Varela 0-0: Ball
1-0: Called Strike
1-1: Ball
2-1: SINGLE (Line Drive, 6M)
Batting: SHB Pablo Vázquez 0-0: Called Strike
0-1: Called Strike
Gustavo Varela is caught stealing 2nd base
0-2: Ball
1-2: Ball
2-2: Ball
3-2: DOUBLE (Groundball, 3L)
Batting: RHB Travis Brumback 0-0: Ball
1-0: Foul Ball, location: 2F
1-1: Ball
2-1: Called Strike
2-2: Fly out, F7 (Flyball, 78S)
Batting: RHB Mike Peterson 0-0: Called Strike
0-1: Ball
1-1: Ground out 1-3 (Groundball, 13S)
Bottom of the 1st over - 0 run(s), 2 hit(s), 0 error(s), 1 left on base; Helena 0 - Chesapeake 0
TOP OF THE 2ND
Helena Grizzlies batting - Pitching for Chesapeake Continentals : RHP Juan Pérez
Batting: RHB Jack Glenn 0-0: Ball
1-0: Ball
2-0: Ball
3-0: Foul Ball, location: 2F
3-1: SINGLE (Line Drive, 4MD)
Batting: LHB Iván Flores 0-0: Ball
1-0: Ball
2-0: Called Strike
2-1: Swinging Strike
2-2: Foul Ball, location: 2F
2-2: Foul Ball, location: 2F
2-2: Strikes out swinging
Batting: SHB Bruce Hunt 0-0: Grounds into double play, 4-6-3 (Groundball, 4)
Top of the 2nd over - 0 run(s), 1 hit(s), 0 error(s), 0 left on base; Helena 0 - Chesapeake 0
BOTTOM OF THE 2ND
Chesapeake Continentals batting - Pitching for Helena Grizzlies : RHP Scott Lyons
Batting: LHB Bernard Horsley 0-0: Ball
1-0: SINGLE (Groundball, 34D)
Batting: SHB Tim Roberts 0-0: Called Strike
0-1: Ball
1-1: Ball
2-1: Called Strike
2-2: Fly out, F9 (Flyball, 89S)
Batting: LHB José Estrada 0-0: Ball
1-0: Ball
2-0: Called Strike
2-1: Foul Ball, location: 2F
2-2: Strikes out swinging
Batting: SHB Juan Ortega 0-0: Ball
1-0: Ball
2-0: Ball
3-0: Called Strike
3-1: Called Strike
3-2: Strikes out looking
Bottom of the 2nd over - 0 run(s), 1 hit(s), 0 error(s), 1 left on base; Helena 0 - Chesapeake 0
TOP OF THE 3RD
Helena Grizzlies batting - Pitching for Chesapeake Continentals : RHP Juan Pérez
Batting: RHB Matt Williams 0-0: Swinging Strike
0-1: Swinging Strike
0-2: Ball
1-2: Foul Ball, location: 2F
1-2: Ball
2-2: Foul Ball, location: 2F
2-2: Ball
3-2: Strikes out looking
Batting: RHB Curt Pope 0-0: Called Strike
0-1: Ball
1-1: Foul Ball, location: 2F
1-2: Foul Ball, location: 2F
1-2: Ball
2-2: Ball
3-2: Foul Ball, location: 2F
3-2: Foul Ball, location: 2F
3-2: Base on Balls
Batting: RHB David Ramírez 0-0: Ball
1-0: Ball
2-0: Called Strike
2-1: Swinging Strike
2-2: Foul Ball, location: 2F
2-2: Strikes out swinging
Batting: SHB Eric O'Neill 0-0: Called Strike
0-1: Fly out, F8 (Flyball, 8LXD)
Top of the 3rd over - 0 run(s), 0 hit(s), 0 error(s), 1 left on base; Helena 0 - Chesapeake 0
BOTTOM OF THE 3RD
Chesapeake Continentals batting - Pitching for Helena Grizzlies : RHP Scott Lyons
Batting: RHB Jim Unknown 0-0: Ball
1-0: Called Strike
1-1: Swinging Strike
1-2: Strikes out swinging
Batting: RHB Gustavo Varela 0-0: Foul Ball, location: 2F
0-1: Ball
1-1: Ball
2-1: Foul Ball, location: 2F
2-2: Foul Ball, location: 2F
2-2: Fly out, F9 (Flyball, 89M)
Batting: SHB Pablo Vázquez 0-0: Called Strike
0-1: Foul Ball, location: 2F
0-2: Foul Ball, location: 2F
0-2: Strikes out swinging
Bottom of the 3rd over - 0 run(s), 0 hit(s), 0 error(s), 0 left on base; Helena 0 - Chesapeake 0
TOP OF THE 4TH
Helena Grizzlies batting - Pitching for Chesapeake Continentals : RHP Juan Pérez
Batting: LHB Rufo Flores 0-0: Swinging Strike
0-1: Called Strike
0-2: Ball
1-2: Ball
2-2: SINGLE (Groundball, 5S) (infield hit)
Batting: RHB Joe Chase 0-0: Foul Ball, location: 2F
0-1: Ball
1-1: Fly out, F5 (Line Drive, 5L)
Batting: RHB Jack Glenn 0-0: Fly out, F9 (Flyball, 89S)
Batting: LHB Iván Flores 0-0: Ball
1-0: Ball
2-0: Foul Ball, location: 2F
2-1: Swinging Strike
2-2: Fly out, F7 (Flyball, 78M)
Top of the 4th over - 0 run(s), 1 hit(s), 0 error(s), 1 left on base; Helena 0 - Chesapeake 0
BOTTOM OF THE 4TH
Chesapeake Continentals batting - Pitching for Helena Grizzlies : RHP Scott Lyons
Batting: RHB Travis Brumback 0-0: Fly out, F7 (Flyball, 7M)
Batting: RHB Mike Peterson 0-0: Called Strike
0-1: Fly out, F6 (Popup, 6MD)
Batting: LHB Bernard Horsley 0-0: Ball
1-0: Ball
2-0: Foul Ball, location: 2F
2-1: Swinging Strike
2-2: Fly out, F8 (Popup, 78S)
Bottom of the 4th over - 0 run(s), 0 hit(s), 0 error(s), 0 left on base; Helena 0 - Chesapeake 0
TOP OF THE 5TH
Helena Grizzlies batting - Pitching for Chesapeake Continentals : RHP Juan Pérez
Batting: SHB Bruce Hunt 0-0: Ball
1-0: Ball
2-0: Ground out 4-3 (Groundball, 4M)
Batting: RHB Matt Williams 0-0: Fly out, F7 (Flyball, 7M)
Batting: RHB Curt Pope 0-0: Ball
1-0: Called Strike
1-1: Foul Ball, location: 2F
1-2: Ball
2-2: Fly out, F3 (Popup, 3)
Top of the 5th over - 0 run(s), 0 hit(s), 0 error(s), 0 left on base; Helena 0 - Chesapeake 0
BOTTOM OF THE 5TH
Chesapeake Continentals batting - Pitching for Helena Grizzlies : RHP Scott Lyons
Batting: SHB Tim Roberts 0-0: Called Strike
0-1: Ball
1-1: Ball
2-1: Ball
3-1: Called Strike
3-2: Foul Ball, location: 2F
3-2: Fly out, F6 (Line Drive, 6)
Batting: LHB José Estrada 0-0: Ball
1-0: Swinging Strike
1-1: Ball
2-1: SINGLE (Groundball, 34D)
Batting: SHB Juan Ortega 0-0: Called Strike
0-1: Grounds into double play, 6-4-3 (Groundball, 6)
Bottom of the 5th over - 0 run(s), 1 hit(s), 0 error(s), 0 left on base; Helena 0 - Chesapeake 0
TOP OF THE 6TH
Helena Grizzlies batting - Pitching for Chesapeake Continentals : RHP Juan Pérez
Batting: RHB David Ramírez 0-0: Foul Ball, location: 2F
0-1: Ball
1-1: Ball
2-1: Fly out, F8 (Flyball, 8LS)
Batting: SHB Eric O'Neill 0-0: Ball
1-0: Swinging Strike
1-1: Ground out 6-3 (Groundball, 6)
Batting: LHB Rufo Flores 0-0: Ball
1-0: Ball
2-0: Foul Ball, location: 2F
2-1: Ball
3-1: Base on Balls
Batting: RHB Joe Chase 0-0: Ball
1-0: SINGLE (Groundball, 56)
Rufo Flores to second
Pinch Runner at 2nd Hank Kenney:
Batting: RHB Jack Glenn 0-0: Ball
1-0: Called Strike
1-1: Foul Ball, location: 2F
1-2: SINGLE (Flyball, 89S)
Hank Kenney to third
Joe Chase to second
Runner from 3rd tries for Home, throw and OUT!
Top of the 6th over - 0 run(s), 2 hit(s), 0 error(s), 2 left on base; Helena 0 - Chesapeake 0
BOTTOM OF THE 6TH
Chesapeake Continentals batting - Pitching for Helena Grizzlies : RHP Scott Lyons
Batting: RHB Jim Unknown 0-0: Foul Ball, location: 2F
0-1: Reached on error, E6 (Groundball, 6M)
Batting: RHB Gustavo Varela 0-0: Ball
Jim Unknown steals 2nd base
1-0: Called Strike
1-1: Ball
2-1: Ball
3-1: Swinging Strike
3-2: Fly out, F9 (Flyball, 89M)
Batting: SHB Pablo Vázquez 0-0: Called Strike
Jim Unknown steals 3rd base
0-1: Ground out 3-5 (Groundball, 3L)
Batting: RHB Travis Brumback 0-0: Foul Ball, location: 2F
0-1: Swinging Strike
0-2: Ball
1-2: Foul Ball, location: 2F
1-2: Strikes out swinging
Bottom of the 6th over - 0 run(s), 0 hit(s), 1 error(s), 1 left on base; Helena 0 - Chesapeake 0
TOP OF THE 7TH
Helena Grizzlies batting - Pitching for Chesapeake Continentals : RHP Juan Pérez
Batting: LHB Iván Flores 0-0: Ball
1-0: Ground out 1-3 (Groundball, 13)
Batting: SHB Bruce Hunt 0-0: SINGLE (Groundball, 6M)
Batting: RHB Matt Williams 0-0: Ball
1-0: Fly out, F9 (Flyball, 9LM)
Batting: RHB Curt Pope 0-0: Ball
1-0: Foul Ball, location: 2F
1-1: Ground out 4-3 (Groundball, 4S)
Top of the 7th over - 0 run(s), 1 hit(s), 0 error(s), 1 left on base; Helena 0 - Chesapeake 0
BOTTOM OF THE 7TH
Chesapeake Continentals batting - Pitching for Helena Grizzlies : RHP Scott Lyons
Batting: RHB Mike Peterson 0-0: Ball
1-0: Swinging Strike
1-1: Foul Ball, location: 2F
1-2: Ball
2-2: Ball
3-2: Base on Balls
Batting: LHB Bernard Horsley 0-0: Fly out, F9 (Flyball, 89M)
Batting: SHB Tim Roberts 0-0: Hit by Pitch
Mike Peterson to second
Pinch Hitting: LHB Jim Unknown 0-0: Called Strike
0-1: Ball
1-1: Ball
2-1: Fly out, F8 (Flyball, 8RS)
Batting: SHB Juan Ortega 0-0: SINGLE (Flyball, 8LS)
Mike Peterson to third
Tim Roberts to second
Runner from 3rd tries for Home, SAFE, no throw or cutoff
Batting: RHB Jim Unknown 0-0: Called Strike
0-1: Ball
1-1: Ball
2-1: Reached on error, E5 (Groundball, 56)
Tim Roberts to third
Juan Ortega to second
Pitching: LHP Alonso García
Batting: RHB Gustavo Varela 0-0: Foul Ball, location: 2F
0-1: Fly out, F6 (Popup, 6D)
Bottom of the 7th over - 1 run(s), 1 hit(s), 1 error(s), 3 left on base; Helena 0 - Chesapeake 1
TOP OF THE 8TH
Helena Grizzlies batting - Pitching for Chesapeake Continentals : RHP Juan Pérez
Now at 1B: Jim Unknown
Batting: RHB David Ramírez 0-0: Swinging Strike
0-1: Swinging Strike
0-2: Strikes out swinging
Batting: SHB Eric O'Neill 0-0: Ball
1-0: Called Strike
1-1: Ball
2-1: Ball
3-1: Called Strike
3-2: Fly out, F6 (Line Drive, 6)
Batting: RHB Hank Kenney 0-0: Swinging Strike
0-1: Ball
1-1: Ball
2-1: Swinging Strike
2-2: Ball
3-2: Ground out 5-3 (Groundball, 56)
Top of the 8th over - 0 run(s), 0 hit(s), 0 error(s), 0 left on base; Helena 0 - Chesapeake 1
BOTTOM OF THE 8TH
Chesapeake Continentals batting - Pitching for Helena Grizzlies : LHP Alonso García
Batting: SHB Pablo Vázquez 0-0: Called Strike
0-1: Foul Ball, location: 2F
0-2: Foul Ball, location: 2F
0-2: Strikes out looking
Batting: RHB Travis Brumback 0-0: Ball
1-0: Ball
2-0: Called Strike
2-1: Ground out 5-3 (Groundball, 5L)
Batting: RHB Mike Peterson 0-0: Fly out, F3 (Popup, 3F)
Bottom of the 8th over - 0 run(s), 0 hit(s), 0 error(s), 0 left on base; Helena 0 - Chesapeake 1
TOP OF THE 9TH
Helena Grizzlies batting - Pitching for Chesapeake Continentals : RHP Juan Pérez
Batting: RHB Joe Chase 0-0: Called Strike
0-1: Ball
1-1: Ball
2-1: Fly out, F8 (Flyball, 8RS)
Pinch Hitting: LHB Juan Hernández 0-0: Ball
1-0: Ball
2-0: Foul Ball, location: 2F
2-1: Swinging Strike
2-2: Ball
3-2: Base on Balls
Pitching: RHP Godfrey Verbiest
Batting: LHB Iván Flores 0-0: Called Strike
0-1: Swinging Strike
0-2: DOUBLE (Flyball, 89XD)
Juan Hernández to third
Batting: SHB Bruce Hunt 0-0: Called Strike
0-1: Ball
1-1: SINGLE (Groundball, 3D)
Juan Hernández scores
Iván Flores to third
Runner from 3rd tries for Home, SAFE, no throw or cutoff
Pitching: RHP Jim Unknown
Pinch Hitting: SHB Jim Unknown 0-0: Called Strike
0-1: Foul Ball, location: 2F
0-2: Ball
1-2: Ball
2-2: Strikes out looking
Batting: RHB Curt Pope 0-0: Called Strike
0-1: Called Strike
0-2: Strikes out swinging
Top of the 9th over - 2 run(s), 2 hit(s), 0 error(s), 1 left on base; Helena 2 - Chesapeake 1
BOTTOM OF THE 9TH
Chesapeake Continentals batting - Pitching for Helena Grizzlies : LHP Alonso García
Pitching: LHP Ronaldo Rey
Now at 1B: Juan Hernández
Now at 3B: Jim Unknown
Batting: LHB Bernard Horsley 0-0: Ball
1-0: SINGLE (Groundball, 34)
Batting: SHB Tim Roberts 0-0: Sac Bunt - play at first, batter OUT! 6-4
Bernard Horsley to second
Pinch Hitting: RHB Jim Unknown 0-0: Ground out 6-3 (Groundball, 6)
Batting: SHB Juan Ortega 0-0: Ball
1-0: Ball
2-0: Ball
3-0: Called Strike
3-1: Base on Balls
Batting: RHB Jim Unknown 0-0: Ball
1-0: Called Strike
1-1: Ball
2-1: Called Strike
2-2: Ball
3-2: Base on Balls
Bernard Horsley to third
Juan Ortega to second
Batting: RHB Gustavo Varela 0-0: Foul Ball, location: 2F
0-1: Ball
1-1: Fielders Choice at 2nd, 6-4 (Groundball, 6)
Bottom of the 9th over - 0 run(s), 1 hit(s), 0 error(s), 2 left on base; Helena 2 - Chesapeake 1
This league is powered by Out of the Park Baseball, the baseball management simulation game for PC, Mac and Linux
Friday, January 22nd, 2016 - OOTP Baseball 16.9 Build 39